 Dungeon Crawl Stone Soup version 0.23-a0-26-g9187234747 (webtiles) character file.

14544 Htamos the Grappler (level 11, -8/109 HPs)
             Began as a Troll Chaos Knight on Aug 3, 2018.
             Mangled by an eight-headed hydra (12 damage)
             ... on level 2 of the Lair of Beasts.
             The game lasted 00:27:49 (11832 turns).

Htamos the Grappler (Troll Chaos Knight)           Turns: 11832, Time: 00:27:50

Health: -8/109     AC:  9    Str: 26    XL:     11   Next: 90%
Magic:  0/14       EV: 12    Int:  8    God:    Xom [..*...]
Gold:   1264       SH: 10    Dex: 12    Spells: 9/16 levels left

rFire    . . .     SeeInvis +     - Unarmed
rCold    . . .     Gourm    +   k - +0 shield
rNeg     . . .     Faith    .   K - +2 steam dragon scales
rPois    .         Spirit   +   (helmet restricted)
rElec    +         Reflect  .   y - +0 cloak
rCorr    .         Harm     .   (gloves unavailable)
MR       .....                  (boots unavailable)
Stlth    +.........             f - amulet of guardian spirit
HPRegen  0.68/turn              g - ring of see invisible
MPRegen  0.14/turn              I - +4 ring of strength

@: no status effects
A: large, unfitting armour, claws 3, fangs 1, deformed body, fast metabolism 3,
gourmand, regeneration 1, shaggy fur 1, electricity resistance, tough skin 2
a: Renounce Religion


You were on level 2 of the Lair of Beasts.
You worshipped Xom.
You were a toy of Xom.
You were full.

You visited 2 branches of the dungeon, and saw 13 of its levels.

You collected 1637 gold pieces.
You spent 373 gold pieces at shops.

Inventory:

Missiles
 H - 136 stones (quivered)
Armour
 a - a +2 robe
 e - a +0 troll leather armour
 k - a +0 shield (worn)
 y - a +0 cloak (worn)
 K - +2 steam dragon scales (worn)
Magical Staves
 u - an uncursed staff of earth
 A - an uncursed staff of air
Jewellery
 f - an amulet of guardian spirit (around neck)
 g - a ring of see invisible (left claw)
 G - an uncursed ring of fire
 I - a +4 ring of strength (right claw)
Wands
 d - a wand of digging (6)
 o - a wand of disintegration (16)
 v - a wand of iceblast (16)
 w - a wand of acid (15)
 C - a wand of paralysis (9)
Scrolls
 i - 2 scrolls of immolation
 p - 3 scrolls of remove curse
 s - 2 scrolls of magic mapping
 x - a scroll of silence {unknown}
 z - a scroll of fear
 B - 2 scrolls of teleportation
 D - 5 scrolls of identify
 F - 2 scrolls of amnesia
 L - a scroll of enchant weapon
Potions
 c - 4 potions of curing
 h - 3 potions of flight {unknown}
 j - 2 potions of resistance {unknown}
 l - 2 potions of berserk rage {unknown}
 m - 2 potions of mutation {unknown}
 n - 3 potions of heal wounds {unknown}
 q - 2 potions of magic {unknown}
 r - a potion of haste {unknown}
 t - a potion of brilliance {unknown}
 E - 2 potions of degeneration {unknown}
 J - a potion of agility {unknown}
Comestibles
 b - 28 rations


   Skills:
 + Level 7.3 Fighting
 + Level 3.0 Armour
 + Level 7.2 Dodging
 + Level 6.0 Shields
 * Level 11.9 Unarmed Combat
 - Level 3.0 Spellcasting
 + Level 3.1 Earth Magic


You had 9 spell levels left.
You knew the following spells:

 Your Spells              Type           Power        Failure   Level  Hunger
a - Passwall              Tmut/Erth      #.......     43%         2    ###....
b - Lee's Rapid Deconstr  Erth           #.........   99%         5    ######.

Your spell library contained the following spells:

 Spells                   Type           Power        Failure   Level  Hunger
 Invisibility             Hex            #.......     100%        6    #######
 Lehudib's Crystal Spear  Conj/Erth      #.........   100%        8    #######
 Fire Storm               Conj/Fire      #.........   100%        9    #######
 Poison Arrow             Conj/Pois      #.........   100%        6    #######
 Swiftness                Chrm/Air       #.......     67%         2    ###....
 Glaciate                 Conj/Ice       #.........   100%        9    #######
 Chain Lightning          Conj/Air       #.........   100%        8    #######
 Passage of Golubria      Tloc           N/A          99%         4    #####..
 Darkness                 Hex            #.........   100%        6    #######


Dungeon Overview and Level Annotations

Branches:
Dungeon (11/15)            Temple (0/1) D:4            Lair (2/6) D:9
    Orc (0/2) D:9
  Swamp: Lair:2-4    Shoals: Lair:2-4     Snake: Lair:2-4    Spider: Lair:2-4

Altars:
Dithmenos
Makhleb
Nemelex Xobeh
Okawaru
Qazlal
Sif Muna
Trog
Uskayaw
Vehumet
Xom
Yredelemnul
Zin
The Shining One

Shops:
D:5 **   D:7 *(?%   D:9 [

Portals:
Trove: D:11 (give 6 scrolls of blinking)

Annotations:
D:5 exclusion: door
D:11 3 runed doors, LLavrengius's ghost, journeyman DrTm
Lair:1 exclusion: door


Innate Abilities, Weirdness & Mutations

You are too large for most types of armour.
You have claws for hands.
Your metabolism is lightning-fast.
You like to eat raw meat.
Your natural rate of healing is unusually fast.
You are covered in fur. (AC +1)
You have very tough skin. (AC +2)
You have very sharp teeth.
Armour fits poorly on your strangely shaped body.
You are resistant to electric shocks. (rElec)


Message History

* * * LOW MAGIC WARNING * * *;
* * * LOW HITPOINT WARNING * * *
The eight-headed hydra bites you!
* * * LOW MAGIC WARNING * * *;
* * * LOW HITPOINT WARNING * * *
The eight-headed hydra completely misses you.
You block the eight-headed hydra's attack.
The eight-headed hydra bites you but does no damage.
Evoke which item? (* to show all) (? for menu, Esc to quit)
Aiming: Paralyse
Press: ? - help, Shift-Dir - straight line, f/p - eight-headed hydra
Aim: an eight-headed hydra (chance to defeat MR: 15%)
The eight-headed hydra resists with almost no effort.
You block the eight-headed hydra's attack.
The eight-headed hydra bites you!
* * * LOW MAGIC WARNING * * *;
* * * LOW HITPOINT WARNING * * *
The eight-headed hydra bites you but does no damage.
The eight-headed hydra closely misses you.
The eight-headed hydra bites you but does no damage.
The eight-headed hydra bites you!
You die...
Xom giggles madly!

#### ######
##########..###.##.####### ###
##.....)..#......<....#.#P# #.#
#..#.##...................#####..
##.####.###.P###.P.#..##.........
#..## #####.## ####..##.###P..#.#
##..# #...#######.############
#P.## #P..P##............# ##.#
#..####@D#...##.#..# #P.####
##.## #..##.#####..#
##..#.#####.P###.###.#####.P#
#....P...#.......#..#.##..##
##...........D..............##
.#.#.###P....#.#.....P#......##
.....# ##...P###..#.######..#.#
<..#.# #P...ยง#.#.#...#.#
#..##### .....#
#P.....D........###...#.##


You could see an eight-headed hydra.

Vanquished Creatures
  A two-headed ogre (D:8)
  An unseen horror (D:11)
  An ugly thing (D:11)
  Joseph (D:8)
  A black mamba (Lair:1)
  3 spiny frogs
  2 trolls
  A hornet (D:9)
  Prince Ribbit (Lair:2)
  2 hippogriffs
  18 yaks
  A basilisk (D:9)
  A steam dragon (D:10)
  2 hungry ghosts (D:10)
  5 water moccasins
  4 porcupines
  An orc warrior (D:9)
  5 ice beasts
  2 sky beasts
  4 phantoms
  2 necrophages
  A wolf (Lair:2)
  3 ogres
  5 centaurs
  5 crocodiles
  A big kobold (D:8)
  10 bullfrogs
  4 scorpions
  22 killer bees
  A vampire bat (D:4)
  A howler monkey (D:10)
  A bullfrog zombie (D:7)
  6 crimson imps
  A centaur zombie (D:8)
  A quasit (D:5)
  A centaur skeleton (D:11)
  6 jellies
  12 orc priests
  A gnoll shaman (D:4)
  4 hounds
  2 bullfrog skeletons
  8 orc wizards
  An iguana (D:8)
  6 worker ants
  A hound skeleton (D:4)
  A howler monkey zombie (D:10)
  A worker ant zombie (D:10)
  10 gnolls (D:4)
  2 river rats
  6 adders
  A shadow imp (D:10)
  5 oozes (D:10)
  2 adder skeletons
  4 worms
  4 dart slugs
  3 fire bats (D:4)
  3 leopard geckos
  40 orcs
  2 spectral bats (D:4)
  17 bats
  3 bat skeletons (D:4)
  A bat zombie (D:4)
  8 giant cockroaches
  5 goblins
  7 hobgoblins
  8 jackals
  5 quokkas
  2 ball pythons
  A bat simulacrum (D:4)
  4 frilled lizards
  12 kobolds
  7 rats
327 creatures vanquished.

Vanquished Creatures (collateral kills)
  3 oklob plants (Lair:1)
  A yak (D:10)
  A bullfrog (Lair:1)
  A crimson imp (D:5)
  A centaur skeleton (D:8)
  2 jackals (D:8)
  2 kobolds (D:8)
  3 plants (Lair:1)
14 creatures vanquished.

Vanquished Creatures (others)
  An orc (D:7)
  5 fungi
  9 plants
15 creatures vanquished.

Grand Total: 356 creatures vanquished

Notes
Turn   | Place    | Note
-------+----------+-------------------------------------------
     0 | D:1      | Htamos the Troll Chaos Knight began the quest for the Orb.
     0 | D:1      | Reached XP level 1. HP: 22/22 MP: 0/0
    78 | D:1      | XOM: silly message
    96 | D:1      | XOM: harmless Pois miscast
   184 | D:1      | Reached XP level 2. HP: 29/29 MP: 1/1
   289 | D:1      | Found a sparkling altar of Nemelex Xobeh.
   382 | D:1      | XOM: divination: magic mapping
   511 | D:1      | XOM: harmless Erth miscast
   514 | D:1      | Reached XP level 3. HP: 36/36 MP: 2/2
   612 | D:2      | Found a bloodstained altar of Trog.
   644 | D:2      | Reached skill level 4 in Unarmed Combat
   644 | D:2      | Reached XP level 4. HP: 45/45 MP: 3/3
   694 | D:2      | Found a shadowy altar of Dithmenos.
   694 | D:2      | Found a shimmering altar of Xom.
   699 | D:2      | Found a stormy altar of Qazlal.
   701 | D:2      | Found a faded altar of an unknown god.
   703 | D:2      | Found a faded altar of an unknown god.
   740 | D:2      | XOM: mild Ice miscast
  1264 | D:2      | XOM: divination: magic mapping
  1282 | D:2      | XOM is BORED!
  1282 | D:2      | XOM: mild Necr miscast
  1629 | D:3      | Reached XP level 5. HP: 37/53 MP: 4/4
  1678 | D:3      | XOM: cloud trail
  1687 | D:3      | XOM: confuse monster(s)
  2221 | D:4      | Noticed an ogre
  2226 | D:4      | XOM: confuse monster(s)
  2230 | D:4      | Killed an ogre
  2230 | D:4      | Reached skill level 5 in Unarmed Combat
  2230 | D:4      | Reached XP level 6. HP: 61/61 MP: 5/5
  2405 | D:4      | Found a staircase to the Ecumenical Temple.
  2420 | D:4      | Reached skill level 1 in Spellcasting
  2458 | D:4      | Reached XP level 7. HP: 35/68 MP: 3/7
  2474 | D:4      | XOM: polymorph gnoll -> jackal
  2606 | D:4      | Reached skill level 6 in Unarmed Combat
  2665 | D:4      | XOM: 1-stop teleportation journey
  2775 | D:4      | XOM: harmless Erth miscast
  3264 | D:5      | Entered Level 5 of the Dungeon
  3264 | D:5      | Found Vaifaobb's Assorted Antiques.
  3271 | D:5      | Bought a scroll labeled VAETAR ANWASOBB for 22 gold pieces
  3271 | D:5      | Bought a scroll labeled HYESTO CE MAM for 22 gold pieces
  3301 | D:5      | Found Arphu's General Store.
  3314 | D:5      | Bought a potion of lignification for 42 gold pieces
  3314 | D:5      | Bought a +0 shield for 63 gold pieces
  3319 | D:5      | Found Bypsat's Food Shoppe.
  3695 | D:5      | Reached XP level 8. HP: 60/78 MP: 6/9
  3704 | D:5      | Reached skill level 1 in Shields
  3762 | D:5      | Found a hide-covered altar of Uskayaw.
  3763 | D:5      | XOM: mild Air miscast
  3773 | D:5      | XOM: swap monsters
  3775 | D:5      | XOM: divination: magic mapping
  3785 | D:5      | XOM: swap monsters
  3789 | D:5      | XOM: summons 8 friendly demons
  3801 | D:5      | XOM: polymorph iron imp -> quasit
  3808 | D:5      | XOM: 1-stop teleportation journey
  3956 | D:5      | XOM: swap monsters
  3957 | D:5      | Found a deep blue altar of Sif Muna.
  3970 | D:5      | Reached skill level 7 in Unarmed Combat
  4226 | D:5      | Found a burning altar of Makhleb.
  4493 | D:6      | XOM: enchant monster (bad)
  4495 | D:6      | XOM: medium Summ miscast
  4840 | D:7      | Found Sykuoshi's Food Boutique.
  4914 | D:7      | XOM: mild Tloc miscast
  5009 | D:7      | Found Pum Deuny's Magic Scroll Boutique.
  5018 | D:7      | Bought a scroll of enchant armour for 112 gold pieces
  5153 | D:7      | Found Simolah's Antique Weapon Boutique.
  5160 | D:7      | XOM: fog
  5281 | D:7      | Found a hide-covered altar of Uskayaw.
  5319 | D:7      | Found a glowing silver altar of Zin.
  5328 | D:7      | Found a basalt altar of Yredelemnul.
  5365 | D:7      | Found Osokh's Assorted Antiques.
  5371 | D:7      | Bought a wooden wand for 112 gold pieces
  5371 | D:7      | Found a radiant altar of Vehumet.
  5457 | D:7      | XOM: harmless Chrm miscast
  5682 | D:7      | XOM: silly message
  6011 | D:8      | Noticed Joseph
  6016 | D:8      | XOM: scenery: create altars
  6021 | D:8      | XOM: summons friendly ufetubus
  6030 | D:8      | Killed Joseph
  6030 | D:8      | Reached skill level 5 in Fighting
  6030 | D:8      | Reached skill level 8 in Unarmed Combat
  6030 | D:8      | Reached XP level 9. HP: 28/88 MP: 2/11
  6240 | D:8      | XOM: god gift: 910 gold pieces
  6257 | D:8      | Noticed a two-headed ogre
  6269 | D:8      | XOM: confusion (+ monsters)
  6275 | D:8      | Reached skill level 5 in Dodging
  6284 | D:8      | Killed a two-headed ogre
  6291 | D:8      | Reached skill level 9 in Unarmed Combat
  6391 | D:8      | XOM is BORED!
  6391 | D:8      | XOM: medium Tmut miscast
  6397 | D:8      | XOM: harmless Ice miscast
  6461 | D:8      | XOM: summons friendly shadow imp
  6587 | D:8      | XOM: cast spell 'Death Channel'
  6660 | D:8      | XOM: give mutations
  6660 | D:8      | Gained mutation: You have very sharp teeth. [Xom's mischief]
  6660 | D:8      | Gained mutation: Armour fits poorly on your strangely shaped body. [Xom's mischief]
  6863 | D:9      | Found a staircase to the Orcish Mines.
  6868 | D:9      | Paralysed by a hornet for 3 turns
  6983 | D:9      | XOM: mild Fire miscast
  7004 | D:9      | Reached XP level 10. HP: 97/97 MP: 13/13
  7142 | D:9      | XOM: destruction
  7148 | D:9      | XOM: 1-stop teleportation journey
  7255 | D:9      | XOM: summons friendly crimson imp
  7282 | D:9      | Reached skill level 10 in Unarmed Combat
  7354 | D:9      | Found a staircase to the Lair.
  7786 | D:9      | XOM: summons friendly quasit
  7808 | D:9      | Found Ehez Hee's Antique Armour Emporium.
  7861 | D:9      | XOM: medium Necr miscast
  7937 | D:9      | XOM: harmless Necr miscast
  7951 | D:9      | Found an iron altar of Okawaru.
  7951 | D:9      | Found a glowing golden altar of the Shining One.
  8062 | D:10     | Entered Level 10 of the Dungeon
  8407 | D:10     | XOM: noise
  8437 | D:10     | Reached skill level 5 in Shields
  8556 | D:10     | XOM is BORED!
  8556 | D:10     | XOM: mild Erth miscast
  8643 | D:10     | XOM: harmless Air miscast
  8702 | D:10     | XOM: 2-stop teleportation journey
  8981 | D:10     | XOM: god gift: papyrus book {god gift}
  9013 | D:10     | Learned a level 2 spell: Passwall
  9019 | D:10     | Learned a level 5 spell: Lee's Rapid Deconstruction
  9042 | D:10     | Reached skill level 1 in Armour
  9148 | D:10     | XOM: give mutation
  9148 | D:10     | Gained mutation: You are resistant to electric shocks. (rElec) [Xom's grace]
  9154 | D:11     | Reached XP level 11. HP: 107/107 MP: 14/14
  9167 | D:10     | XOM: scenery: create altars
  9200 | D:10     | XOM: scenery: create altars
  9205 | D:10     | XOM: summons 3 friendly demons
  9212 | D:11     | Noticed a white ugly thing
  9216 | D:10     | XOM: destruction
  9227 | D:10     | XOM: god gift: 21 bolts
  9275 | D:11     | HP: 2/107 [white ugly thing (10)]
  9275 | D:11     | Xom revived you
  9277 | D:11     | Killed a white ugly thing
  9277 | D:11     | Reached skill level 11 in Unarmed Combat
  9277 | D:11     | Reached skill level 1 in Earth Magic
  9426 | D:11     | XOM: polymorph killer bee -> river rat
  9460 | D:11     | Found a portal to a secret trove of treasure.
  9479 | D:11     | XOM: fog
  9623 | D:11     | Found a runed gate.
  9623 | D:11     | Found a runed gate.
  9623 | D:11     | Found a runed gate.
  9626 | D:11     | Noticed a sphinx
  9626 | D:11     | Noticed LLavrengius's ghost (journeyman DrTm)
  9670 | D:11     | XOM: enchant monster (good)
  9683 | D:11     | XOM: fog
  9688 | D:11     | XOM: summons friendly neqoxec
  9783 | D:11     | Noticed an unseen horror
  9793 | D:11     | Killed an unseen horror
  9909 | D:11     | XOM: god gift: runed arbalest {god gift}
 10103 | D:11     | XOM: blink monster(s)
 10297 | D:9      | XOM: scenery: 1 doors close
 10313 | Lair:1   | Entered Level 1 of the Lair of Beasts
 10653 | Lair:1   | XOM: 1-stop teleportation journey
 10733 | Lair:1   | XOM: enchant monster (good)
 10869 | Lair:1   | Noticed an oklob plant
 10879 | Lair:1   | XOM: summons 11 friendly demons
 10881 | Lair:1   | Noticed an oklob plant
 10883 | Lair:1   | Noticed an oklob plant
 10891 | Lair:1   | Killed an oklob plant
 10895 | Lair:1   | Killed an oklob plant
 10897 | Lair:1   | Killed an oklob plant
 10913 | Lair:1   | XOM: god gift: wand of paralysis (13)
 11243 | Lair:1   | XOM: scenery: 4 doors open, 3 doors close
 11274 | Lair:2   | Paralysed by you for 2 turns
 11274 | Lair:2   | XOM is BORED!
 11274 | Lair:2   | XOM: noise
 11404 | Lair:2   | Noticed Prince Ribbit
 11410 | Lair:2   | Noticed a seven-headed hydra
 11412 | Lair:2   | XOM: harmless Necr miscast
 11665 | Lair:2   | XOM: confuse monster(s)
 11666 | Lair:2   | Killed Prince Ribbit
 11667 | Lair:2   | XOM: enchant monster (bad)
 11677 | Lair:2   | XOM: harmless Ice miscast
 11703 | Lair:2   | XOM: potion effect (berserk rage)
 11705 | Lair:2   | XOM: cast spell 'Shadow Creatures'
 11832 | Lair:2   | HP: 4/109 [eight-headed hydra (9)]
 11832 | Lair:2   | Mangled by an eight-headed hydra

Vault maps used:
D:1:      noname_arrival_rooms_in_the_neighbourhood, grunt_decor_mini_mirrors,
          nemelex_altar_shiori
D:2:      cheibrodos_old_hovel, bloody_trog, chequers_temple_overflow_minitemple
D:4:      minmay_temple_entry_purple_smoke, goddamned_bats
D:5:      lemuel_round_altar, marbit_many_paths, led_sif_book, first_ration,
          serial_shops, nicolae_shop_stone, shop, nicolae_shop_statue_plus
D:7:      fiery_altar_vehumet, chequers_temple_overflow_statue_of_worship,
          basic_altar, serial_shops, shop, shop, shop, shop
D:8:      uniq_joseph
D:9:      amethyst_overflow_temple_binary, minmay_lair_entry_grove, orc_0_dummy,
          serial_shops, kennysheep_mini
D:10:     hangedman_little_slice_of_home
D:11:     enter_trove_1, gammafunk_ghost_split, lemuel_old_faithful
Lair:1:   special_room, grunt_megastairs_2, minmay_lair_oklob_chamber
Lair:2:   uniq_prince_ribbit2

Skill      XL: |  1  2  3  4  5  6  7  8  9 10 11 |
---------------+----------------------------------+-----
Dodging        | 2 3 4 5 6 7 |  7.2
Fighting       | 3 4 5 6 7 |  7.3
Unarmed Combat | 4 5 6 8 9 10 11 | 11.9
Spellcasting   | 1 2 3 |  3.0
Shields        | 2 3 5 6 |  6.0
Armour         | 1 3 |  3.0
Earth Magic    | 3 |  3.1

Action                   |  1- 3 |  4- 6 |  7- 9 | 10-12 || total
-------------------------+-------+-------+-------+-------++-------
Melee: Unarmed           |    70 |   157 |   373 |   445 ||  1045
       Punch             |       |     2 |     5 |       ||     7
       Bite              |       |       |     1 |    55 ||    56
Evoke: Wand              |       |     1 |     6 |    14 ||    21
  Use: Scroll            |       |     4 |    10 |     4 ||    18
       Potion            |       |       |     2 |     6 ||     8
 Stab: Confused          |       |       |     1 |     1 ||     2
       Paralysed         |       |       |     4 |     8 ||    12
       Invisible         |       |       |       |     8 ||     8
       Distracted        |       |       |       |     2 ||     2
  Eat: Chunk             |    11 |    17 |    42 |    46 ||   116
Armor: Robe              |    38 |    56 |   144 |    13 ||   251
       Skin              |       |       |    52 |    38 ||    90
       Steam dragon scal |       |       |       |    23 ||    23
Dodge: Dodged            |    35 |    99 |   187 |   184 ||   505
Block: Shield            |       |       |   112 |   205 ||   317

Table legend:
 A = Spawn XP
 B = Non-spawn XP
 C = Spawn XP percentage of total XP
 D = Spawn monster count
 E = Non-spawn monster count
 F = Spawn count percentage of total count
 G = Total turns spent on level
                    A         B        C        D         E        F      G
               +---------+---------+-------+---------+---------+-------+---------
         Total |       0 |   20778 |   0.0 |       0 |     338 |   0.0 | 11832
               +---------+---------+-------+---------+---------+-------+---------
           D:1 |       0 |      42 |   0.0 |       0 |      24 |   0.0 |   603
           D:2 |       0 |      78 |   0.0 |       0 |      14 |   0.0 |   793
           D:3 |       0 |     138 |   0.0 |       0 |      24 |   0.0 |   789
           D:4 |       0 |     878 |   0.0 |       0 |      70 |   0.0 |  1079
           D:5 |       0 |     597 |   0.0 |       0 |      16 |   0.0 |  1161
           D:6 |       0 |     425 |   0.0 |       0 |      10 |   0.0 |   405
           D:7 |       0 |     479 |   0.0 |       0 |      13 |   0.0 |  1176
           D:8 |       0 |    2601 |   0.0 |       0 |      30 |   0.0 |   827
           D:9 |       0 |    3080 |   0.0 |       0 |      31 |   0.0 |  1260
          D:10 |       0 |    3279 |   0.0 |       0 |      46 |   0.0 |  1307
          D:11 |       0 |    4520 |   0.0 |       0 |      28 |   0.0 |   913
        Lair:1 |       0 |    3232 |   0.0 |       0 |      24 |   0.0 |  1071
        Lair:2 |       0 |    1429 |   0.0 |       0 |       8 |   0.0 |   448
               +---------+---------+-------+---------+---------+-------+---------
